 Dungeon Crawl Stone Soup version 0.31-a0-542-gdc2a67831c (webtiles) character file.

Game seed: 13729749425190876207

160 randomguy2701 the Grave Robber (level 5, -15/28 HPs)
             Began as a Deep Elf Necromancer on Aug 14, 2023.
             Demolished by an ogre
             ... wielding a +0 giant spiked club
              (17 damage)
             ... on level 3 of the Dungeon.
             The game lasted 00:02:59 (1861 turns).

randomguy2701 the Grave Robber (DENe)               Turns: 1861, Time: 00:02:59

Health: -15/28     AC:  2    Str:  5    XL:     5   Next: 17%
Magic:  2/14       EV: 12    Int: 22    God:
Gold:   88         SH:  0    Dex: 15    Spells: 10/14 levels left

rFire   . . .        (no weapon)
rCold   . . .        (no shield)
rNeg    . . .        a - +0 robe
rPois   .            (no helmet)
rElec   .            (no cloak)
rCorr   .            (no gloves)
SInv    .            (no boots)
Will    .....        (no amulet)
Stlth   ++           e - ring of wizardry
HPRegen 0.24/turn    i - ring of flight
MPRegen 0.14/turn

%: wizardry (x1)
@: flying, very slightly contaminated
A: no striking features
a: no special abilities


You were on level 3 of the Dungeon.
You visited 1 branch of the dungeon, and saw 3 of its levels.

You collected 88 gold pieces.

Inventory:

Armour
 a - a +0 robe (worn)
Jewellery
 e - a ring of wizardry (left hand)
 i - a ring of flight (right hand)
 k - a ring of ice
 n - a +6 ring of strength
Scrolls
 c - a scroll of enchant weapon {unknown}
 f - a scroll of vulnerability {unknown}
 g - 4 scrolls of identify {unknown}
 h - 2 scrolls of immolation {unknown}
 j - a scroll of fog {unknown}
 m - a scroll of teleportation {unknown}
 o - a scroll of noise {unknown}
Potions
 b - a potion of magic
 d - a potion of attraction {unknown}
 l - a potion of heal wounds {unknown}
 p - a potion of resistance {unknown}
 q - a potion of curing {unknown}


   Skills:
 - Level 0.1 Fighting
 + Level 2.6 Dodging
 + Level 2.7 Stealth
 + Level 5.1 Spellcasting
 + Level 6.6 Necromancy


You had 10 spell levels left.
You knew the following spells:

 Your Spells              Type           Power      Damage    Failure   Level
a - Necrotise             Necr           100%       1d9       1%          1
b - Vampiric Draining     Necr           34%        2d8       1%          3

Your spell library contained the following spells:

 Spells                   Type           Power      Damage    Failure   Level
 Animate Dead             Necr           34%        N/A       2%          4
 Agony                    Necr           34%        N/A       8%          5


Dungeon Overview and Level Annotations

Branches:
Dungeon (3/15)

Altars:
Xom


Message History

Aiming: Necrotise (safe; 1% risk of failure)
Press: ? - help, Shift-Dir - straight line, f/p - hound
Aim: a hound (heavily wounded, chance to affect: 88%)
The hound writhes in agony!
The hound misses you.
Casting: Necrotise (safe; 1% risk of failure)
Confirm with . or Enter, or press ? or * to list all spells.
Aiming: Necrotise (safe; 1% risk of failure)
Press: ? - help, Shift-Dir - straight line, f/p - hound
Aim: a hound (almost dead, chance to affect: 88%)
The hound writhes in agony!
You kill the hound!
The dead are walking!
The ogre misses you.
You have reached level 5!
The ogre attacks as you move away! The ogre misses you.
Casting: Necrotise (safe; 1% risk of failure)
Confirm with . or Enter, or press ? or * to list all spells.
Aiming: Necrotise (safe; 1% risk of failure)
Press: ? - help, Shift-Dir - straight line, f - ogre
Aim: an ogre, wielding a +0 giant spiked club (lightly wounded, ally target, chance to affect: 83%)
The ogre writhes in agony.
Your hound skeleton bites the ogre.
Casting: Necrotise (safe; 1% risk of failure)
Confirm with . or Enter, or press ? or * to list all spells.
Aiming: Vampiric Draining (safe; 1% risk of failure)
Press: ? - help, Shift-Dir - straight line, f/p - ogre
Aim: an ogre, wielding a +0 giant spiked club (moderately wounded, ally target)
You draw life force from the ogre.
You feel life coursing into your body.
Your hound skeleton bites the ogre.
The ogre hits you with a +0 giant spiked club!!
Ouch! That really hurt!
* * * LOW HITPOINT WARNING * * *
Casting: Vampiric Draining (safe; 1% risk of failure)
Confirm with . or Enter, or press ? or * to list all spells.
You don't have enough magic to cast this spell.
Casting: Vampiric Draining (safe; 1% risk of failure)
Confirm with . or Enter, or press ? or * to list all spells.
You don't know that spell.
The ogre attacks as you move away!
The ogre hits you with a +0 giant spiked club!
Ouch! That really hurt!
You die...

#. ........ ##.
....... #... .....
#..# #. #...#
#..###.# #...#
#...##.# #...#
#...<..#
#.Z.#######
#.#.##.#
#.O........
#......#
##..@######
#.#.##.######.....#
#.#........##.###.#
#.####.###.##.# #.#
#......# #.##.###.#
######## #.......##
#########


You could see an ogre (ally target) and a friendly hound skeleton.

Vanquished Creatures
  A hound (D:3)
  3 gnolls (D:2)
  4 adders (D:2)
  A worm (D:2)
  2 dart slugs
  2 endoplasms (D:1)
  A giant cockroach (D:1)
  6 goblins
  8 hobgoblins
  2 quokkas (D:1)
  5 ball pythons
  3 bats
  4 frilled lizards (D:1)
  2 kobolds
  2 rats
46 creatures vanquished.

Vanquished Creatures (collateral kills)
  An adder (D:2)
  An endoplasm (D:1)
  A kobold (D:1)
  A frilled lizard (D:2)
4 creatures vanquished.

Grand Total: 50 creatures vanquished

Notes
Turn   | Place    | Note
-------+----------+-------------------------------------------
     0 | D:1      | randomguy2701 the Deep Elf Necromancer began the quest for
                  | the Orb.
     0 | D:1      | Reached XP level 1. HP: 10/10 MP: 6/6
   116 | D:1      | Reached skill level 5 in Necromancy
   293 | D:1      | Reached XP level 2. HP: 15/15 MP: 5/8
   693 | D:1      | Reached XP level 3. HP: 19/19 MP: 6/10
  1183 | D:2      | Found a shimmering altar of Xom.
  1206 | D:2      | Reached XP level 4. HP: 24/24 MP: 9/12
  1318 | D:2      | Reached skill level 6 in Necromancy
  1480 | D:2      | Reached skill level 5 in Spellcasting
  1829 | D:3      | Learned a level 3 spell: Vampiric Draining
  1848 | D:3      | Noticed an ogre
  1858 | D:3      | Reached XP level 5. HP: 22/28 MP: 6/14
  1861 | D:3      | Demolished by an ogre

Illustrated notes

Levels and vault maps discovered:
D:1:      dpeg_arrival_oval, layout_basic, minivault_19
D:2:      layout_rooms, basic_altar
D:3:      layout_loops_corners, lemuel_tele_altar, gammafunk_ghost_nasty_kobolds

Skill      XL: |  1  2  3  4 |
---------------+-------------+-----
Necromancy     | 5 6 |  6.6
Spellcasting   | 4 5 |  5.1
Fighting       | |  0.1
Dodging        | |  2.6
Stealth        | |  2.7

Action                     |  1- 3 |  4- 6 || total
---------------------------+-------+-------++-------
  Melee: Unarmed           |     2 |       ||     2
   Cast: Necrotise         |    62 |    37 ||    99
         Vampiric Draining |       |     1 ||     1
 Armour: Robe              |     2 |     1 ||     3
  Dodge: Dodged            |    10 |     9 ||    19

Table legend: (Time is in decaauts)
 A = Elapsed time spent in this place.
 B = Non-inter-level travel time spent in this place.
 C = Inter-level travel time spent in this place.
 D = Time resting spent in this place.
 E = Time spent auto-exploring this place.
 F = Levels seen in this place.
 G = Mean time per level.
                   A        B        C        D        E       F      G
               +--------+--------+--------+--------+--------+-----+--------+
         Total |   1860 |   1745 |    115 |      0 |   1487 |   3 |  620.0 |
       Dungeon |   1860 |   1745 |    115 |      0 |   1487 |   3 |  620.0 |
               +--------+--------+--------+--------+--------+-----+--------+

Top non-repeatable levels by time:
     D:1: 1066 daAuts
     D:2: 730 daAuts
     D:3: 63 daAuts
